 Dungeon Crawl Stone Soup version 0.27-a0-1140-g099f9bb0e8 (webtiles) character file.

Game seed: 6301015344830188850

1526 jasper the Changer (level 8, -28/61 (63) HPs)
             Began as a Merfolk Transmuter on May 8, 2021.
             Annihilated by a boulder beetle (41 damage)
             ... on level 9 of the Dungeon.
             The game lasted 00:13:05 (8367 turns).

jasper the Changer (Merfolk Transmuter)             Turns: 8367, Time: 00:13:06

HP:   -28/61 (63)   AC:  2    Str: 11    XL:     8   Next: 85%
MP:   8/11          EV: 25    Int: 20    God:
Gold: 331           SH:  0    Dex: 19    Spells: 3/11 levels left

rFire    . . .     SeeInvis .     - Unarmed
rCold    . . .     Faith    .   (shield currently unavailable)
rNeg     . . .     Spirit   .   (armour currently unavailable)
rPois    x         Reflect  .   (helmet currently unavailable)
rElec    .         Harm     .   (cloak currently unavailable)
rCorr    .         Rampage  .   (gloves currently unavailable)
Will     .....                  (boots currently unavailable)
Stlth    ++........             (no amulet)
HPRegen  0.20/turn              j - +6 ring of intelligence
MPRegen  0.12/turn              (no ring)

@: spider-form, lightly drained
A: venomous fangs, tiny, (nimble swimmer 2), (mertail)
a: End Transformation


You were on level 9 of the Dungeon.
You were a venomous arachnid creature.
You visited 2 branches of the dungeon, and saw 10 of its levels.

You collected 331 gold pieces.

Inventory:

Missiles
 c - 100 stones
 n - 5 poisoned darts
Armour
 a - a +0 robe (melded)
 m - a +0 cloak (melded)
Jewellery
 j - a +6 ring of intelligence (left front leg)
Wands
 g - a wand of flame (6)
Scrolls
 d - a scroll of enchant weapon {unknown}
 e - a scroll of fog
 h - a scroll of silence {unknown}
Potions
 b - 2 potions of mutation
 i - a potion of degeneration {unknown}
 k - a potion of brilliance {unknown}


   Skills:
 + Level 5.5 Fighting
 + Level 7.2 Dodging
 + Level 6.4 Unarmed Combat
 - Level 2.0 Spellcasting
 + Level 7.4 Transmutations
 - Level 3.0 Poison Magic


You had 3 spell levels left.
You knew the following spells:

 Your Spells              Type           Power      Damage    Failure   Level
a - Beastly Appendage     Tmut           62%        N/A       4%          1
b - Blink                 Tloc           N/A        N/A       45%         2
c - Wereblood             Tmut           31%        N/A       5%          2
d - Spider Form           Tmut/Pois      11%        N/A       16%         3

Your spell library contained the following spells:

 Spells                   Type           Power      Damage    Failure   Level
 Magic Dart               Conj           8%         1d3       34%         1
 Call Imp                 Summ           2%         N/A       45%         2
 Slow                     Hex            2%         N/A       45%         2
 Mephitic Cloud           Conj/Pois/Air  6%         N/A       52%         3
 Confusing Touch          Hex            2%         N/A       65%         3
 Conjure Flame            Conj/Fire      2%         6-21      65%         3
 Gell's Gravitas          Tloc           1%         N/A       65%         3
 Hydra Form               Tmut           15%        N/A       41%         5
 Ice Form                 Ice/Tmut       16%        N/A       56%         4
 Petrify                  Tmut/Erth      16%        N/A       56%         4
 Yara's Violent Unravell  Hex/Tmut       8%         3d5       85%         5
 Metabolic Englaciation   Hex/Ice        1%         N/A       100%        5


Dungeon Overview and Level Annotations

Branches:
Dungeon (10/15)            Temple (1/1) D:5
   Lair: D:8-11         Orc: D:9-12

Altars:
Ashenzari
Dithmenos
Elyvilon
Fedhas
Kikubaaqudgha
Makhleb
Okawaru
Qazlal
Ru
Sif Muna
Trog
Uskayaw
Wu Jian
Zin
The Shining One

Shops:
D:6 :

Annotations:
D:6 2 runed translucent doors


Innate Abilities, Weirdness & Mutations

You are a venomous arachnid creature.
You have poisonous fangs.
You are tiny and dextrous.
Your spellcasting is less reliable in this form.
Your armour is entirely melded.
You are incapable of wielding weapons or throwing items.
((You are quick and stealthy near water. (Stealth+, EV+, Speed+++)))
((Your lower body shifts to a powerful aquatic tail in water.))


Message History

The kobold closely misses you.
Your transformation is almost over.
The kobold brigand throws a poisoned dart.
The poisoned dart hits you!
You are poisoned.
You feel very sick. The kobold completely misses you.
You take 5 damage, and have 28/61 hp.
You feel very sick.
You take 2 damage, and have 26/61 hp.
You feel very sick. The kobold completely misses you.
You take 3 damage, and have 23/61 hp.
MP restored: 11 You feel sick.
A boulder beetle comes into view.
You take 2 damage, and have 21/61 hp.
You feel sick.
You take 2 damage, and have 19/61 hp.
You feel sick.
The boulder beetle curls into a ball and begins rolling!
Found 10 gold pieces.
You take 2 damage, and have 17/61 hp.
You feel sick.
Your transformation has ended.
Your +0 cloak unmelds from your body.
Your +0 robe unmelds from your body.
You feel sick.
You take 1 damage, and have 16/61 hp.
You feel sick.
You take 1 damage, and have 15/61 hp.
You feel sick.
You take 1 damage, and have 14/61 hp.
Casting: Spider Form (dangerous; 5% risk of failure)
Confirm with . or Enter, or press ? or * to list all spells.
You turn into a venomous arachnid creature.
Your +0 cloak melds into your body.
Your +0 robe melds into your body.
You feel sick.
You are no longer poisoned.
The kobold hits you but does no damage. The boulder beetle hits you!!!
Ouch! That really hurt!
You die...

...... ... ###
.........#
#........#...###
#...##...#.....# ...
#....#.........##°......
#............#........
..#.$...B○..............
.......sK.K°..?.#.......
......##z...##.##.......
##.## ##..#KK.# .......
#####..###......
##.#z............
#######..KK.######..K..
##..#..#O.K.##.###..K...
#.......K.......##K.....
##.....z##..##.###K....#


You could see a boulder beetle (rolling), a kobold brigand, a wight and 3
kobolds.

Vanquished Creatures
  2 steam dragons (D:7)
  3 water moccasins
  A sky beast (D:6)
  A necrophage (D:6)
  An ice beast (D:7)
  An ogre (D:5)
  A wyvern zombie (D:7)
  A water moccasin zombie (D:6)
  A centaur zombie (D:4)
  A hound (D:6)
  4 orc priests
  2 iguanas
  2 orc wizards
  A hell rat (D:5)
  A killer bee zombie (D:7)
  3 adders
  A river rat (D:5)
  A shadow imp (D:3)
  An ufetubus (D:4)
  2 worms
  2 dart slugs (D:1)
  18 orcs
  6 endoplasms
  3 giant cockroaches
  6 goblins
  7 hobgoblins
  2 jackals (D:1)
  7 quokkas
  7 ball pythons
  2 bats (D:2)
  4 frilled lizards
  11 kobolds
  19 rats
125 creatures vanquished.

Notes
Turn   | Place    | Note
-------+----------+-------------------------------------------
     0 | D:1      | jasper the Merfolk Transmuter began the quest for the Orb.
     0 | D:1      | Reached XP level 1. HP: 15/15 MP: 3/3
   526 | D:1      | Reached XP level 2. HP: 19/21 MP: 3/5
   882 | D:1      | Learned a level 2 spell: Blink
   885 | D:1      | Learned a level 2 spell: Wereblood
   977 | D:1      | Found a faded altar of an unknown god.
  1055 | D:1      | Reached XP level 3. HP: 27/27 MP: 4/6
  1740 | D:2      | Found a glowing silver altar of Zin.
  2297 | D:3      | Found a white marble altar of Elyvilon.
  2333 | D:3      | Reached XP level 4. HP: 25/33 MP: 5/7
  3257 | D:2      | Noticed a necrophage
  3410 | D:4      | Reached XP level 5. HP: 34/39 MP: 8/8
  4170 | D:4      | Reached XP level 6. HP: 44/47 MP: 7/9
  4736 | D:5      | Entered Level 5 of the Dungeon
  4810 | D:5      | Found a staircase to the Ecumenical Temple.
  4820 | Temple   | Entered the Ecumenical Temple
  5210 | D:5      | Noticed a water moccasin
  5217 | D:5      | Learned a level 3 spell: Spider Form
  5232 | D:5      | Killed a water moccasin
  5233 | D:5      | Reached skill level 5 in Dodging
  5233 | D:5      | Reached skill level 5 in Transmutations
  5233 | D:5      | Reached skill level 1 in Poison Magic
  5504 | D:5      | Found the +2 ratskin cloak {*Rats rPois rN+ Str-1 Int-1
                  | Dex+1}
  5538 | D:5      | Reached XP level 7. HP: 9/51 MP: 6/10
  5846 | D:5      | Reached skill level 5 in Unarmed Combat
  6023 | D:6      | Found a shadowy altar of Dithmenos.
  6503 | D:6      | Reached XP level 8. HP: 50/61 MP: 11/11
  6616 | D:6      | Noticed a boulder beetle
  6666 | D:6      | Found a large runed translucent door.
  6667 | D:6      | Found a large runed translucent door.
  7013 | D:6      | Found a blossoming altar of Fedhas.
  7076 | D:6      | Found Leadwilaw's Book Shoppe.
  7486 | D:7      | Reached skill level 5 in Fighting
  8250 | D:7      | You fall into a shaft and drop 3 floors!
  8250 | D:10     | Entered Level 10 of the Dungeon
  8250 | D:10     | Noticed a yak
  8250 | D:10     | Noticed a yak
  8250 | D:10     | Noticed a yak
  8322 | D:9      | Noticed a two-headed ogre
  8360 | D:9      | Noticed a boulder beetle
  8367 | D:9      | Annihilated by a boulder beetle

Illustrated notes

Levels and vault maps discovered:
D:1:      onia_arrival_mini_maze, layout_loops_ring,
          shapermc_ecumenical_altar_venn, hangedman_decor_lopped,
          hangedman_glass_teeth, corexii_leaking_fountain
D:2:      kennysheep_big_flooded_room, layout_loops_ring, basic_altar
D:3:      layout_basic, lemuel_crystal_altar
D:4:      layout_gridville
D:5:      wander_guarded_unrand_ratskin, layout_basic,
          lemuel_mausoleum_altar_yredelemnul, minmay_temple_entry_slanted
D:6:      layout_basic, fedhas_altar_4, nicolae_overflow_crystal_walls,
          jmf_multi_god_temple2, serial_shops, nicolae_shop_window_shopping,
          st_stairs_13
D:7:      cheibrodos_steamvent, layout_gridville
D:9:      layout_cave_pools, lemuel_tele_altar, vehumet_altar_wand_db,
          orc_0_dummy
D:10:     layout_cave_pods, pdpol_temple_overflow_zin_treasury_gozag_greed,
          amcnicky_altar_gilded, serial_park, serial_park_square3
          [serial_park_minivault_5x5_6], uniq_josephine
Temple:   grunt_temple_mini_profane

Skill      XL: |  1  2  3  4  5  6  7  8 |
---------------+-------------------------+-----
Dodging        | 3 4 5 6 7 |  7.2
Transmutations | 3 4 5 6 7 |  7.4
Fighting       | 2 3 4 5 |  5.5
Unarmed Combat | 4 5 6 |  6.4
Poison Magic   | 1 3 |  3.0
Spellcasting   | |  2.0

Action                   |  1- 3 |  4- 6 |  7- 9 || total
-------------------------+-------+-------+-------++-------
Melee: Unarmed           |   126 |   206 |   118 ||   450
       Headbutt          |    14 |    26 |    11 ||    51
       Punch             |       |     1 |     4 ||     5
 Cast: Beastly Appendage |    32 |    33 |     7 ||    72
       Wereblood         |     1 |     4 |     3 ||     8
       Spider Form       |       |     1 |    13 ||    14
       Blink             |       |       |     1 ||     1
  Use: Scroll            |     1 |     9 |       ||    10
       Potion            |       |     5 |     1 ||     6
 Stab: Sleeping          |     2 |     2 |       ||     4
Armor: Robe              |    16 |    24 |     5 ||    45
       Skin              |       |     4 |     3 ||     7
Dodge: Dodged            |    73 |   120 |   109 ||   302

Table legend: (Time is in decaauts)
 A = Elapsed time spent in this place.
 B = Non-inter-level travel time spent in this place.
 C = Inter-level travel time spent in this place.
 D = Time resting spent in this place.
 E = Time spent auto-exploring this place.
 F = Levels seen in this place.
 G = Mean time per level.
                   A        B        C        D        E       F      G
               +--------+--------+--------+--------+--------+-----+--------+
         Total |   8320 |   7927 |    393 |    653 |   5931 |  10 |  832.0 |
       Dungeon |   8102 |   7746 |    356 |    653 |   5752 |   9 |  900.2 |
        Temple |    217 |    180 |     37 |      0 |    179 |   1 |  217.0 |
               +--------+--------+--------+--------+--------+-----+--------+

Top non-repeatable levels by time:
     D:4: 1575 daAuts
     D:1: 1530 daAuts
     D:5: 1215 daAuts
     D:6: 988 daAuts
     D:2: 929 daAuts
     D:7: 904 daAuts
     D:3: 842 daAuts
  Temple: 217 daAuts
     D:9: 91 daAuts
    D:10: 24 daAuts
